Map: Lerilak Crest

Players

Phungus

  • Race: Protoss Protoss
  • League: Gold

Fullmetal - Winner!

  • Race: Terran Terran
  • League: Master

VOD

Have the link to the VOD?

Description

Time

  • Played on: Nov. 17, 2015, 12:27 a.m.
  • Length: 8:22
Show
View Real Time Build Order
Export as new Build Order

Phungus Protoss 

Build Orders: Phoenix Opening 

Get SALT Encoding   

  12  0:02  Probe (Chrono Boost)  
  13  0:12  Probe (Chrono Boost)  
  14  0:17  Pylon  
  14  0:23  Probe (Chrono Boost)  
  15  0:36  Probe (Chrono Boost)  
  15  0:38  Gateway  
  16  0:46  Probe (Chrono Boost)  
  16  0:47  Assimilator  
  17  0:56  Pylon  
  18  0:57  Probe (Chrono Boost)  
  18  1:07  Probe (Chrono Boost)  
  19  1:18  Probe (Chrono Boost)  
  20  1:26  Cybernetics Core  
  20  1:28  Probe (Chrono Boost)  
  23  1:39  Probe (Chrono Boost)  
  24  1:49  Probe (Chrono Boost)  
  23  1:57  Nexus  
  23  2:03  Mothership Core (Chrono Boost), Assimilator  
  25  2:09  Pylon  
  25  2:16  Stalker  
  28  2:23  Probe (Chrono Boost)  
  28  2:33  Probe (Chrono Boost)  
  28  2:34  Warp Gate  
  29  2:44  Probe (Chrono Boost)  
  30  2:55  Probe (Chrono Boost)  
  30  2:56  Stalker  
  33  3:06  Probe (Chrono Boost)  
  33  3:08  Stargate  
  34  3:14  Probe (Chrono Boost)  
  34  3:16  Probe (Chrono Boost)  
  36  3:29  Probe x2 (Chrono Boost)  
  38  3:38  Gateway  
  38  3:39  Gateway, Probe (Chrono Boost)  
  38  3:40  Probe (Chrono Boost)  
  40  3:45  Assimilator  
  40  3:48  Pylon  
  40  3:49  Probe (Chrono Boost)  
  40  3:50  Probe (Chrono Boost)  
  40  3:53  Phoenix (Chrono Boost)  
  44  3:59  Probe  
  44  4:01  Probe, Pylon  
  46  4:09  Probe  
  46  4:10  Assimilator  
  46  4:12  Pylon  
  46  4:13  Probe  
  46  4:16  Phoenix (Chrono Boost)  
  50  4:26  Robotics Facility  
  50  4:30  Probe  
  50  4:32  Probe  
  52  4:40  Forge  
  52  4:42  Phoenix (Chrono Boost)  
  52  4:43  Probe  
  52  4:44  Probe  
  56  4:47  Sentry  
  56  4:48  Sentry  
  60  5:00  Pylon  
  60  5:02  Phoenix (Chrono Boost)  
  62  5:14  Observer (Chrono Boost)  
  63  5:17  Robotics Bay  
  63  5:20  Pylon  
  63  5:23  Protoss Ground Armor Level 1  
  61  5:35  Stalker  
  61  5:36  Stalker  
  63  5:43  Probe x2  
  54  6:01  Probe x2  
  56  6:12  Extended Thermal Lance  
  56  6:13  Probe  
  56  6:17  Gateway  
  57  6:19  Gateway  
  57  6:20  Phoenix  
  57  6:21  Gateway, Pylon, Warp Prism (Chrono Boost)  
  61  6:35  Probe  
  61  6:36  Probe  
  61  6:37  Nexus  
  63  6:45  Pylon  
  63  6:58  Phoenix  
  71  7:01  Colossus (Chrono Boost)  
  71  7:04  Probe x2  
  71  7:06  Twilight Council  
  73  7:18  Forge  
  73  7:21  Adept x5  
  83  7:28  Phoenix  
  83  7:32  Photon Cannon  
  78  7:48  Zealot x3  
  78  7:49  Stalker  
  78  7:50  Stalker  
  59  8:06  Probe x2  
  59  8:08  Zealot  
  59  8:09  Zealot  
Show
View Real Time Build Order
Export as new Build Order

Fullmetal Terran - Winner!

Build Orders: Reaper Expand, MMM Bio 

Get SALT Encoding   

  12  0:01  SCV  
  13  0:13  SCV  
  14  0:18  Supply Depot  
  14  0:25  SCV  
  15  0:39  SCV  
  15  0:41  Barracks  
  16  0:45  Refinery  
  16  0:51  SCV  
  17  1:03  SCV  
  18  1:16  SCV  
  19  1:29  Orbital Command  
  19  1:31  Reaper  
  20  1:48  Command Center  
  20  1:56  SCV  
  21  2:04  Barracks Reactor  
  21  2:08  SCV  
  21  2:09  Supply Depot  
  22  2:21  SCV  
  22  2:33  SCV  
  22  2:34  Factory  
  23  2:40  Barracks  
  23  2:41  Marine  
  23  2:43  Barracks  
  24  2:44  Marine  
  24  2:45  SCV  
  24  2:50  Refinery  
  26  2:57  SCV  
  27  3:00  Marine  
  27  3:02  Marine  
  29  3:09  SCV  
  29  3:11  Orbital Command  
  30  3:20  Bunker  
  30  3:21  Marine  
  31  3:30  Barracks Tech Lab, Marine  
  31  3:31  Widow Mine  
  33  3:35  SCV  
  34  3:43  Starport  
  34  3:46  SCV  
  34  3:47  Marine  
  36  3:49  Marine  
  36  3:50  Marine  
  36  3:55  Stimpack  
  38  3:56  SCV  
  38  3:58  SCV  
  40  4:02  Supply Depot  
  40  4:06  Widow Mine  
  42  4:11  SCV x2  
  42  4:15  Marine x2  
  46  4:24  Medivac, Marine x2  
  46  4:25  Supply Depot  
  46  4:26  SCV  
  46  4:28  SCV  
  52  4:34  Widow Mine  
  54  4:43  Supply Depot  
  54  4:46  Marine x3  
  54  4:47  SCV x2  
  60  4:56  Barracks Tech Lab  
  60  4:58  Starport Reactor  
  60  4:59  SCV  
  60  5:00  SCV  
  60  5:05  Marine  
  60  5:06  Marauder, Marine  
  65  5:10  Engineering Bay, Widow Mine  
  65  5:11  SCV  
  68  5:14  Combat Shields  
  68  5:17  Marauder  
  70  5:25  Supply Depot  
  70  5:27  Supply Depot  
  70  5:29  Marine  
  70  5:39  Marine  
  70  5:40  SCV  
  70  5:42  Widow Mine  
  65  5:50  Supply Depot  
  60  5:57  Marine  
  60  5:58  Marine x2  
  60  6:00  Marauder  
  62  6:05  Command Center  
  62  6:06  Missile Turret  
  62  6:08  SCV x2  
  63  6:14  Missile Turret  
  63  6:15  Widow Mine  
  63  6:16  Terran Infantry Weapons Level 1  
  63  6:17  Barracks, Medivac x2  
  69  6:19  Barracks, Marauder  
  69  6:20  SCV  
  69  6:21  Marine  
  69  6:23  Marine  
  69  6:24  Marine  
  75  6:30  Concussive Shells  
  75  6:35  SCV x2  
  75  6:37  Refinery  
  77  6:40  Marauder  
  77  6:45  Supply Depot  
  77  6:46  Marine x3  
  82  6:47  SCV  
  79  6:57  Medivac x2  
  83  7:03  Supply Depot  
  83  7:04  Command Center, Refinery  
  83  7:06  SCV x2  
  85  7:10  Supply Depot  
  85  7:11  Marine  
  85  7:14  Marauder  
  88  7:21  Orbital Command  
  89  7:22  SCV  
  89  7:23  SCV  
  89  7:26  Marine x2  
  89  7:29  Marine  
  93  7:30  Widow Mine  
  93  7:34  SCV  
  96  7:37  Barracks Reactor  
  96  7:38  Barracks Tech Lab  
  96  7:48  Marauder x2, Marine x2  
  100  7:52  Medivac  
  97  8:01  Marine  
Tags
 
Add a new tag
Caveats
  • Supply blocks, unpowered buildings, or Contaminate may cause inaccurate times.
  • Supply counts are checked every 10 seconds.